 Dungeon Crawl Stone Soup version 0.23.2-1-ga50397a (webtiles) character file.

Game seed: 7324873241116391197

62 xveg the Purveyor of Pain (level 3, -3/24 HPs)
             Began as a Mummy Necromancer on May 8, 2019.
             Was an Initiate of Kikubaaqudgha.
             Slain by an adder (4 damage)
             ... on level 3 of the Dungeon.
             The game lasted 00:05:22 (1540 turns).

xveg the Purveyor of Pain (Mummy Necromancer)       Turns: 1540, Time: 00:05:24

Health: -3/24      AC:  4    Str: 11    XL:     3   Next: 85%
Magic:  0/7        EV: 12    Int: 15    God:    Kikubaaqudgha [......]
Gold:   121        SH:  0    Dex: 12    Spells: 7/8 levels left

rFire    x . .     SeeInvis .   f - +0 hunting sling
rCold    + . .     Gourm    .   (no shield)
rNeg     + + +     Faith    .   a - +0 robe
rPois    ∞         Spirit   .   (no helmet)
rElec    .         Reflect  .   i - +0 cloak
rCorr    .         Harm     .   g - +0 pair of gloves
MR       .....                  (no boots)
Stlth    ++........             h - amulet of rage
HPRegen  0.08/turn              (no ring)
MPRegen  0.10/turn              (no ring)

@: very slightly contaminated
A: no food or potions, fire vulnerability, cold resistance 1, negative energy
resistance 3, torment resistance, unbreathing
a: Renounce Religion


You were on level 3 of the Dungeon.
You worshipped Kikubaaqudgha.
Kikubaaqudgha was noncommittal.
You were not hungry.

You visited 1 branch of the dungeon, and saw 3 of its levels.

You collected 121 gold pieces.

Inventory:

Hand Weapons
 f - a +0 hunting sling (weapon)
Armour
 a - a +0 robe (worn)
 g - a +0 pair of gloves (worn)
 i - a +0 cloak (worn)
Jewellery
 h - an amulet of rage (around neck)
Scrolls
 c - 2 scrolls of identify {unknown}
 d - 2 scrolls of fear {unknown}
 e - 2 scrolls of remove curse {unknown}


   Skills:
 - Level 0.2 Fighting
 + Level 1.4 Slings
 - Level 1.6 Dodging
 - Level 1.5 Stealth
 + Level 3.3 Spellcasting
 * Level 4.7 Necromancy


You had 7 spell levels left.
You knew the following spells:

 Your Spells              Type           Power        Failure   Level  Hunger
a - Pain                  Necr           ###.         2%          1    N/A

Your spell library contained the following spells:

 Spells                   Type           Power        Failure   Level  Hunger
 Animate Skeleton         Necr           N/A          2%          1    N/A
 Vampiric Draining        Necr           ###.......   9%          3    N/A
 Animate Dead             Necr           N/A          28%         4    N/A
 Regeneration             Chrm/Necr      Unusable     N/A         3    N/A

Dungeon Overview and Level Annotations

Branches:
Dungeon (3/15)

Altars:
Hepliaklqana
Kikubaaqudgha


Innate Abilities, Weirdness & Mutations

You do not eat or drink.
Your flesh is vulnerable to fire.
You are immune to poison.
Your flesh is cold resistant. (rC+)
You are immune to negative energy. (rN+++)
You are immune to unholy pain and torment.
You can survive without breathing.


Message History

Press: ? - help, Shift-Dir - straight line, f/p - adder
Aim: an adder (heavily wounded)
You shoot a stone. The stone misses the adder.
The adder bites you.
* * * LOW HITPOINT WARNING * * *
Firing (i - inventory)
b - a stone (quivered)
Press: ? - help, Shift-Dir - straight line, f/p - adder
Aim: an adder (heavily wounded)
You shoot a stone. The stone closely misses the adder.
The adder bites you.
* * * LOW HITPOINT WARNING * * *
The frilled lizard hisses.
Unknown command.
The adder barely misses you.
Casting: Pain (safe; 2% risk of failure)
Confirm with . or Enter, or press ? or * to list all spells.
Aiming: Pain (safe; 2% risk of failure)
Press: ? - help, Shift-Dir - straight line, f/p - adder
Aim: an adder (heavily wounded, chance to defeat MR: 81%)
The adder writhes in agony.
The adder bites you.
You die...
Kikubaaqudgha rasps: "You have failed me!
Welcome... oblivion!"

#######.#
#.@.....#
#####S#####.>. #.
#.#.#.).(.(ll(..(
..
#.#.#.###†##.....
. #.#.#.# ...+
.... #.
#.#.#.#.#.## ...
#.###.#.#.#.#.#
.. ...#.#.#.# #.#
. ###.#.#.#.# #.#


You could see an adder.

Vanquished Creatures
  2 adders (D:3)
  2 dart slugs (D:2)
  A leopard gecko (D:1)
  10 bats
  A giant cockroach (D:1)
  8 goblins
  2 hobgoblins
  A ball python (D:1)
  4 frilled lizards (D:1)
  5 kobolds
  6 rats
42 creatures vanquished.

Notes
Turn   | Place    | Note
-------+----------+-------------------------------------------
     0 | D:1      | xveg the Mummy Necromancer began the quest for the Orb.
     0 | D:1      | Reached XP level 1. HP: 13/13 MP: 4/4
   123 | D:1      | Reached XP level 2. HP: 18/19 MP: 4/6
   716 | D:2      | Reached XP level 3. HP: 24/24 MP: 7/7
  1010 | D:2      | Found an ancient bone altar of Kikubaaqudgha.
  1037 | D:2      | Reached skill level 1 in Slings
  1056 | D:2      | Became a worshipper of Kikubaaqudgha
  1241 | D:2      | Found a hazy altar of Hepliaklqana.
  1538 | D:3      | HP: 1/24 [adder (1)]
  1540 | D:3      | Slain by an adder

Skill      XL: |  1  2  3 |
---------------+----------+-----
Spellcasting   | 3 |  3.3
Slings         | 1 |  1.4
Fighting       | |  0.2
Dodging        | |  1.6
Stealth        | |  1.5
Necromancy     | |  4.7

Action                   || total
-------------------------++-------
Melee: Unarmed           ||     4
 Fire: Hunting sling     ||    87
Throw: Stone             ||     3
 Cast: Pain              ||    31
Armor: Robe              ||    13
Dodge: Dodged            ||    33
